 Dungeon Crawl Stone Soup version 0.31.0-32-g396128a36d (webtiles) character file.

Game seed: 9909905755895337885

21228 spaghetti the Warrior (level 12, -15/238 (258) HPs)
             Began as a Naga Chaos Knight on Apr 18, 2024.
             Was a Plaything of Xom.
             Demolished by a white ugly thing (33 damage)
             ... summoned by Xom
             ... on level 14 of the Dungeon.
             The game lasted 00:19:31 (13394 turns).

spaghetti the Warrior (Naga Chaos Knight)          Turns: 13394, Time: 00:19:31

HP:   -15/238 (258) AC: 26    Str: 26    XL:     12   Next: 87%
MP:   12/12         EV:  1    Int: 20    God:    Xom [...*..]
Gold: 1231          SH:  0    Dex: 16    Spells: 10/12 levels left

rFire   . . .        x - +9 rapier of Yllyevou {flame, Str+2 Dex+3}
rCold   . . .        (no shield)
rNeg    . . .        b - melded +2 leather armour
rPois   +            (helmet unavailable)
rElec   .            E - melded +1 cloak
rCorr   +            H - melded +3 pair of gauntlets of War {Slay+5}
SInv    +            (no barding)
Will    ++...        G - amulet of regeneration
Stlth   +            C - +6 ring of dexterity
HPRegen 1.39/turn    r - ring "Uhommergh" {+Blink Will+ rCorr Str+2}
MPRegen 0.13/turn

%: clarity
@: mighty, short of breath, tree-form, drained
A: stationary, stasis, torment immunity, boosted hp, AC +4, large, see
invisible, (deformed body), (poison resistance), (slowness 2), spit poison 2,
(naga tail 1), (horns 3), (stinger 1), (iridescent scales 1), (large bone plates
1), clarity, clever 1, sense surroundings 1, robust 3, strong 2
a: Breathe Poison Gas, Renounce Religion, Evoke Blink


You were on level 14 of the Dungeon.
You worshipped Xom.
You were a favourite toy of Xom.
You were a tree.
You visited 1 branch of the dungeon, and saw 14 of its levels.

You collected 1751 gold pieces.
You spent 520 gold pieces at shops.

Inventory:

Hand Weapons
 a - a +0 spear of chaos
 f - a +0 short sword of venom
 j - a +3 whip of pain
 x - the +9 rapier of Yllyevou (weapon) {flame, Str+2 Dex+3}
   (You found it on level 4 of the Dungeon)

   Str+2:     It affects your strength (+2).
   Dex+3:     It affects your dexterity (+3).
Missiles
 n - 2 throwing nets
 t - 98 stones
 y - 7 curare-tipped darts
Armour
 b - a +2 leather armour (melded)
 e - a +1 helmet
 i - a scarf of repulsion
 E - a +1 cloak (melded)
 H - the +3 pair of gauntlets of War (melded) {Slay+5}
   (You acquired it on level 8 of the Dungeon)

   Slay+5:    It affects your accuracy & damage with ranged weapons and melee
   (+5).
Magical Staves
 s - a staff of death
 F - a staff of death
Jewellery
 k - a ring of protection from cold
 p - a ring of protection from fire
 r - the ring "Uhommergh" (right branch) {+Blink Will+ rCorr Str+2}
   (Xom gifted it to you on level 10 of the Dungeon)

   [ring of willpower]

   Str+2:     It affects your strength (+2).
   Will+:     It increases your willpower.
   +Blink:    It lets you blink.
   rCorr:     It protects you from acid and corrosion.
 C - a +6 ring of dexterity (left branch)
 G - an amulet of regeneration (around neck)
 N - a ring of magical power
Wands
 d - a wand of quicksilver (2)
 m - a wand of iceblast (19)
 w - a wand of mindburst (36)
 z - a wand of flame (24)
 O - a wand of polymorph (8)
Scrolls
 c - 2 scrolls of fear
 h - 2 scrolls of amnesia
 l - 6 scrolls of teleportation
 u - 2 scrolls of poison
 v - a scroll of revelation
 K - a scroll of enchant armour
 L - 2 scrolls of immolation
 M - a scroll of blinking
Potions
 g - 3 potions of curing
 o - 2 potions of magic
 q - 3 potions of might
 A - 3 potions of degeneration
 B - 3 potions of lignification
 D - 2 potions of brilliance
 I - a potion of attraction
 J - 2 potions of heal wounds


   Skills:
 + Level 16.0 Fighting
 - Level 3.0 Polearms
 - Level 8.0 Throwing
 - Level 1.5 Armour
 - Level 0.7 Dodging
 - Level 0.5 Spellcasting
 - Level 0.6 Summonings
 - Level 7.0 Necromancy
 - Level 8.0 Evocations


You had 10 spell levels left.
You knew the following spells:

 Your Spells              Type           Power      Damage    Failure   Level
a - Summon Small Mammal   Summ           12%        N/A       14%         1
b - Necrotise             Necr           100%       1d9       1%          1

Your spell library contained the following spells:

 Spells                   Type           Power      Damage    Failure   Level
 Sublimation of Blood     Necr           28%        N/A       1%          2
 Apportation              Tloc           0%         N/A       19%         1
 Sting                    Conj/Alch      0%         1d3       19%         1
 Call Imp                 Summ           6%         N/A       22%         2
 Curse of Agony           Necr           28%        N/A       28%         5
 Dazzling Flash           Conj/Hex       0%         N/A       50%         3
 Gell's Gravitas          Tloc           0%         N/A       50%         3
 Mephitic Cloud           Conj/Alch/Air  0%         N/A       50%         3
 Stone Arrow              Conj/Erth      0%         3d7       50%         3
 Teleport Other           Tloc           0%         N/A       50%         3
 Animate Armour           Summ/Erth      2%         N/A       85%         4
 Silence                  Hex/Air        0%         N/A       99%         5
 Dispersal                Tloc           0%         N/A       100%        6
 Summon Hydra             Summ           1%         N/A       100%        7
 Lehudib's Crystal Spear  Conj/Erth      0%         10d2      100%        8
 Chain Lightning          Conj/Air       0%         N/A       100%        9
 Fire Storm               Conj/Fire      0%         5d1       100%        9
 Shatter                  Erth           0%         3d5*      100%        9


Dungeon Overview and Level Annotations

Branches:
Dungeon (14/15)            Temple (0/1) D:6            Lair (0/5) D:10
    Orc (0/2) D:11
 Vaults: D:13-14

Altars:
Ashenzari
Cheibriados
Hepliaklqana
Trog
Xom
Zin

Shops:
D:3 [   D:10 *

Annotations:
D:9 Erolcha
D:10 exclusions: 7 doors and 2 more exclusions
D:12 2 transporters, exclusion: door, Vopsufam's ghost, journeyman GrFi
D:14 Agnes


Innate Abilities, Weirdness & Mutations

You are a tree.
Your roots penetrate the ground, keeping you stationary.
You cannot be teleported.
You are immune to unholy pain and torment.
Your maximum health is greatly increased.
Your equipment is partially melded.
((Your serpentine skin is tough. (AC +4)))
You have supernaturally acute eyesight. (SInv)
((Armour fits poorly on your strangely shaped body.))
((Your system is resistant to poisons. (rPois)))
((You cover ground very slowly.))
You can exhale a cloud of poison.
((You have a snake-like lower body.))
((You have a pair of large horns on your head.))
((Your tail ends in a venomous barb.))
((You are partially covered in iridescent scales. (AC +2)))
((You are partially covered in large bone plates. (SH +4)))
You possess an exceptional clarity of mind.
Your mind is acute. (Int +4, Str/Dex -1)
You passively map a small area around you.
You are extremely robust. (+30% HP)
Your muscles are very strong. (Str +8, Int/Dex -2)


Message History

The white ugly thing is engulfed in poison gas.
The white ugly thing looks even sicker.
Agnes looks as sick as possible!
Agnes says, "It is my duty to kill you, but also my pleasure."
Agnes hits you with a +2 vampiric lajatang!!
The white ugly thing is engulfed in poison gas.
The white ugly thing looks even sicker.
The white ugly thing engulfs you but does no damage.
The death knight is engulfed in poison gas.
The death knight looks as sick as possible!
The white ugly thing is engulfed in poison gas.
The white ugly thing looks as sick as possible!
The white ugly thing basks in the mutagenic energy from its kin and changes!
The white ugly thing is engulfed in poison gas.
The white ugly thing looks even sicker.
Agnes is engulfed in poison gas.
Agnes looks as sick as possible!
Agnes hits you but does no damage.
The death knight is engulfed in poison gas.
The death knight looks as sick as possible!
The death knight offers itself to Yredelemnul, and fills with unholy energy.
The white ugly thing is engulfed in poison gas.
The white ugly thing looks as sick as possible!
The white ugly thing engulfs you! The white ugly thing freezes you!
* * * LOW HITPOINT WARNING * * *
Unknown command.
Unknown command.
You puncture Agnes! You burn Agnes.
Agnes is heavily wounded.
You feel yourself speed up.
The death knight reflects your damage back at you!
* * * LOW HITPOINT WARNING * * *
Agnes is engulfed in poison gas.
Agnes looks as sick as possible!
Agnes hits you with a +2 vampiric lajatang.
* * * LOW HITPOINT WARNING * * *
Agnes is engulfed in poison gas.
Agnes looks as sick as possible!
Agnes hits you with a +2 vampiric lajatang!!
* * * LOW HITPOINT WARNING * * *
Agnes draws strength from your wounds! The white ugly thing engulfs you!
* * * LOW HITPOINT WARNING * * *
The white ugly thing freezes you!!
You die...
Xom laughs nastily!

,* .
##.....####.....#
, #......#
#.###.#
.####......# #.#
# , ,
...........# #.#
** ....##.....#
#.# , , <,.##.
##.#.## ### W..,.
#.#.# ,
.....####.#.#
#..pui♣uR..# ,,
##.Wu###°..#, ,
##. ....# *+ #,
##○.# * *,, .># *
* * , , ..# ..# ,
, .# , , * , *


You could see Agnes (extremely poisoned), a death knight (reflects damage,
extremely poisoned), 3 ugly things, an efreet (summoned) and 2 wraiths.

Vanquished Creatures
  A hydra (D:13)
  3 two-headed ogres
  2 boulder beetles
  A centaur warrior (D:12)
  A tengu warrior (D:13)
  Nergalle (D:12)
  3 ugly things
  A deep elf pyromancer (D:13)
  Maurice (D:7)
  6 cyclopes
  An unseen horror (D:12)
  Maggie (D:7)
  Jeremiah (D:8)
  Psyche (D:9)
  2 kobold demonologists (D:12)
  A freezing wraith (D:14)
  7 trolls
  A hornet (D:9)
  Grinder (D:4)
  4 slime creatures (D:12)
  Sigmund (D:2)
  8 yaks
  A wraith (D:10)
  A warg (D:11)
  Grum (D:9)
  3 steam dragons
  2 vampire mosquitoes (D:12)
  Menkaure (D:4)
  2 acid dragons
  Edmund (D:4)
  A water moccasin (D:7)
  6 orc warriors
  3 black bears
  2 laughing skulls (D:13)
  An ogre (D:5)
  A tengu (shapeshifter) (D:4)
  3 centaurs
  5 wolves
  A phantom (D:6)
  A kobold brigand (D:10)
  3 bullfrogs
  3 scorpions
  2 gnoll sergeants
  5 wights
  7 killer bees
  6 bombardier beetles
  4 hounds (D:10)
  2 jellies (D:6)
  Crazy Yiuf (D:7)
  3 orc priests
  4 iguanas
  Natasha (twice) (D:2)
  9 orc wizards
  Ijyb (D:4)
  Robin (D:4)
  12 gnolls
  6 adders
  5 white imps
  2 ribbon worms
  3 dart slugs
  32 orcs
  5 ball pythons
  8 bats
  3 endoplasms
  3 giant cockroaches
  8 hobgoblins
  3 jackals (D:4)
  11 kobolds
  3 quokkas
  6 frilled lizards
  18 goblins
  5 rats
  A spectral kobold (D:13)
272 creatures vanquished.

Vanquished Creatures (collateral kills)
  A kobold brigand (D:8)
  4 wights (D:8)
  2 howler monkeys (D:8)
  An orc (D:8)
  3 kobolds (D:8)
11 creatures vanquished.

Vanquished Creatures (others)
  An orc wizard (D:11)
  An orc (D:8)
  3 kobolds (D:10)
5 creatures vanquished.

Grand Total: 288 creatures vanquished

Notes
Turn   | Place    | Note
-------+----------+-------------------------------------------
     0 | D:1      | spaghetti the Naga Chaos Knight began the quest for the
                  | Orb.
     0 | D:1      | Reached XP level 1. HP: 21/21 MP: 1/1
    71 | D:1      | Found a faded altar of an unknown god.
   110 | D:1      | Reached XP level 2. HP: 26/28 MP: 2/2
   210 | D:1      | Learned a level 1 spell: Summon Small Mammal
   332 | D:1      | XOM: noise
   561 | D:1      | Reached XP level 3. HP: 36/36 MP: 3/3
   747 | D:1      | XOM: silly message
   939 | D:1      | Learned a level 1 spell: Necrotise
  1126 | D:2      | XOM: silly message
  1240 | D:2      | Noticed Sigmund
  1244 | D:2      | XOM: divination: detect creatures
  1259 | D:2      | Killed Sigmund
  1260 | D:2      | Reached XP level 4. HP: 18/44 MP: 2/4
  1260 | D:2      | Reached XP level 5. HP: 20/50 MP: 2/5
  1279 | D:2      | XOM: divination: detect creatures
  1486 | D:2      | Noticed Natasha
  1501 | D:2      | XOM: confuse monster(s)
  1511 | D:2      | Killed Natasha
  1512 | D:2      | Reached XP level 6. HP: 57/57 MP: 6/6
  1549 | D:2      | XOM: 2-stop teleportation journey
  1633 | D:2      | XOM: give mutations
  1633 | D:2      | Gained mutation: You have a pair of small horns on your
                  | head. [Xom's mischief]
  1633 | D:2      | Gained mutation: You can exhale a cloud of poison. [Xom's
                  | mischief]
  1633 | D:2      | Lost mutation: You can exhale a cloud of poison. [Xom's
                  | mischief]
  1850 | D:2      | XOM: give mutations
  1850 | D:2      | Gained mutation: You have a pair of horns on your head.
                  | [Xom's grace]
  1850 | D:2      | Gained mutation: You are robust. (+10% HP) [Xom's grace]
  1850 | D:2      | Gained mutation: You can exhale a cloud of poison. [Xom's
                  | grace]
  1882 | D:2      | Noticed Natasha
  1887 | D:2      | Killed Natasha
  1888 | D:2      | Reached skill level 5 in Necromancy
  1963 | D:2      | XOM: give mutations
  1963 | D:2      | Gained mutation: You possess an exceptional clarity of
                  | mind. [Xom's grace]
  1963 | D:2      | Gained mutation: You are agile. (Dex +4, Str/Int -1) [Xom's
                  | grace]
  1963 | D:2      | Gained mutation: You are partially covered in large bone
                  | plates. (SH +4) [Xom's grace]
  2130 | D:3      | XOM: god gift: 47 gold pieces
  2144 | D:3      | XOM: 2-stop teleportation journey
  2294 | D:3      | Found Kitochos's Armour Shop.
  2345 | D:3      | XOM: 7-stop teleportation journey
  2462 | D:3      | XOM: god gift: 5 stones
  2507 | D:3      | XOM: scenery: create altars
  2637 | D:3      | XOM: give mutations
  2637 | D:3      | Gained mutation: Your flesh is cold resistant. (rC+) [Xom's
                  | grace]
  2637 | D:3      | Gained mutation: You have a pair of large horns on your
                  | head. [Xom's grace]
  2725 | D:4      | XOM: god gift: 60 gold pieces
  2748 | D:4      | Noticed Robin
  2771 | D:4      | Killed Robin
  2808 | D:4      | XOM: divination: detect items
  2871 | D:4      | a scorpion changed into a shapeshifter
  2871 | D:4      | Noticed a shapeshifter
  2871 | D:4      | XOM: polymorph scorpion -> shapeshifter
  2872 | D:4      | a shapeshifter changed into a tengu
  2873 | D:4      | XOM: scenery: summon butterflies
  2878 | D:4      | Reached XP level 7. HP: 59/69 MP: 7/7
  2911 | D:4      | Noticed Ijyb
  2922 | D:4      | Killed Ijyb
  3154 | D:4      | Identified the +9 rapier of Yllyevou {flame, Str+2 Dex+3}
  3370 | D:4      | Noticed Edmund
  3374 | D:4      | Killed Edmund
  3375 | D:4      | Reached skill level 4 in Fighting
  3508 | D:4      | Reached skill level 5 in Fighting
  3556 | D:4      | Noticed Grinder
  3561 | D:4      | Paralysed by Grinder for 2 turns
  3566 | D:4      | Killed Grinder
  3567 | D:4      | Reached skill level 6 in Fighting
  3567 | D:4      | Reached XP level 8. HP: 61/83 MP: 8/8
  3668 | D:4      | Noticed Menkaure
  3668 | D:4      | XOM: fog
  3676 | D:4      | Killed Menkaure
  3876 | D:5      | Entered Level 5 of the Dungeon
  3998 | D:5      | Reached skill level 7 in Fighting
  4641 | D:5      | XOM: god gift: 904 gold pieces
  4743 | D:5      | Reached skill level 8 in Fighting
  4869 | D:6      | XOM: scenery: summon butterflies
  4984 | D:6      | Noticed a yak
  4984 | D:6      | Noticed a yak
  4987 | D:6      | Noticed a yak
  4988 | D:6      | Killed a yak
  4989 | D:6      | Reached skill level 9 in Fighting
  4989 | D:6      | Reached XP level 9. HP: 100/100 MP: 9/9
  5061 | D:6      | Reached skill level 10 in Fighting
  5107 | D:6      | Reached skill level 1 in Evocations
  5256 | D:6      | Found a staircase to the Ecumenical Temple.
  5376 | D:6      | XOM: god gift: scroll labelled HYEMMI SIGU {god gift}
  5776 | D:7      | Noticed a boulder beetle
  5785 | D:7      | XOM: god gift: potion of might
  5787 | D:7      | Killed a boulder beetle
  5788 | D:7      | Reached skill level 5 in Evocations
  5935 | D:7      | XOM: god gift: short glowing staff {god gift}
  5980 | D:7      | Noticed Maurice
  5993 | D:7      | Maurice stole a +0 short sword of venom
  5997 | D:7      | Maurice stole 44 stones
  5998 | D:7      | Maurice stole 695 gold
  5999 | D:7      | Killed Maurice
  6000 | D:7      | Reached XP level 10. HP: 21/112 MP: 1/10
  6304 | D:7      | XOM: give mutations
  6304 | D:7      | Gained mutation: You are very robust. (+20% HP) [Xom's
                  | grace]
  6304 | D:7      | Gained mutation: Your muscles are strong. (Str +4, Int/Dex
                  | -1) [Xom's grace]
  6372 | D:7      | Found a snail-covered altar of Cheibriados.
  6381 | D:7      | Noticed Maggie
  6381 | D:7      | XOM: cleaving
  6390 | D:7      | Killed Maggie
  6615 | D:7      | XOM: god gift: curare-tipped dart
  6721 | D:7      | Found a runed translucent door.
  6722 | D:7      | Noticed Crazy Yiuf
  6727 | D:7      | Killed Crazy Yiuf
  6796 | D:8      | Noticed Jeremiah
  6810 | D:8      | Killed Jeremiah
  6811 | D:8      | Reached skill level 1 in Throwing
  7174 | D:8      | XOM: scenery: 1 doors close
  7216 | D:8      | XOM: god gift: staff of death
  7269 | D:8      | Found a glowing silver altar of Zin.
  7365 | D:8      | XOM: 4-stop teleportation journey
  7431 | D:8      | XOM: destruction
  7548 | D:8      | Identified a scroll of acquirement
  7548 | D:8      | Acquired the +3 pair of gauntlets of War {Slay+5}
  7548 | D:8      | Found the +3 pair of gauntlets of War {Slay+5}
  7603 | D:8      | XOM: cleaving
  7604 | D:8      | XOM: summons 10 friendly demons
  7744 | D:8      | XOM: give mutation
  7744 | D:8      | Gained mutation: Your tail ends in a venomous barb. [Xom's
                  | grace]
  7786 | D:8      | Identified the +6 hand axe "Sumil" {flame, rN+ Int+2
                  | Stlth+}
  7855 | D:8      | Found a broken altar of Ashenzari.
  7858 | D:8      | Found a bloodstained altar of Trog.
  7926 | D:9      | Noticed Erolcha
  8027 | D:9      | Noticed a cyclops
  8035 | D:9      | Killed a cyclops
  8149 | D:9      | XOM: potion effect (berserk rage)
  8209 | D:9      | Noticed Grum
  8213 | D:9      | Reached skill level 5 in Throwing
  8217 | D:9      | Killed Grum
  8259 | D:9      | Reached skill level 11 in Fighting
  8378 | D:9      | XOM: 5-stop teleportation journey
  8422 | D:9      | XOM: scenery: 1 doors close
  8457 | D:9      | Reached XP level 11. HP: 133/133 MP: 11/11
  8466 | D:9      | XOM: cloud trail
  8478 | D:9      | XOM is BORED!
  8478 | D:9      | XOM: torment (68/133 hp)
  8631 | D:9      | Noticed Psyche
  8642 | D:9      | XOM: 1-stop teleportation journey
  8645 | D:9      | Killed Psyche
  8819 | D:9      | XOM: god gift: potion of lignification
  9009 | D:9      | XOM: give mutations
  9009 | D:9      | Gained mutation: Your mind is acute. (Int +4, Str/Dex -1)
                  | [Xom's grace]
  9009 | D:9      | Gained mutation: You are extremely robust. (+30% HP) [Xom's
                  | grace]
  9009 | D:9      | Gained mutation: You are partially covered in iridescent
                  | scales. (AC +2) [Xom's grace]
  9009 | D:9      | Gained mutation: Your muscles are very strong. (Str +8,
                  | Int/Dex -2) [Xom's grace]
  9104 | D:10     | Entered Level 10 of the Dungeon
  9134 | D:10     | Noticed a two-headed ogre
  9140 | D:10     | XOM: destruction
  9145 | D:10     | HP: 7/144 [two-headed ogre/+0 giant club (22)]
  9156 | D:10     | Killed a two-headed ogre
  9611 | D:10     | Found a staircase to the Lair.
  9866 | D:10     | Identified the ring "Uhommergh" {+Blink Will+ rCorr Str+2}
                  | (Xom gifted it to you on level 10 of the Dungeon)
  9866 | D:10     | XOM: god gift: ring "Uhommergh" {+Blink Will+ rCorr Str+2}
  9876 | D:10     | XOM: scenery: 1 doors open, 2 doors close
 10268 | D:10     | Found Agoghi's Assorted Antiques.
 10276 | D:10     | Bought a wand of mindburst (8) for 280 gold pieces
 10276 | D:10     | Bought a wand of iceblast (4) for 240 gold pieces
 10525 | D:11     | Noticed a brown ugly thing
 10532 | D:11     | Killed a brown ugly thing
 10548 | D:11     | Found a staircase to the Orcish Mines.
 10550 | D:11     | Noticed a two-headed ogre
 10596 | D:11     | Killed a two-headed ogre
 10597 | D:11     | Reached skill level 12 in Fighting
 10789 | D:11     | XOM is BORED!
 10789 | D:11     | XOM: noise
 10844 | D:11     | Noticed a two-headed ogre
 10851 | D:11     | Killed a two-headed ogre
 10874 | D:11     | XOM: divination: detect creatures
 10898 | D:11     | Identified the staff "Itevem" {^Contam rC+ rN+ Will+ Dex+5
                  | Necro}
 10938 | D:11     | XOM: fog
 10939 | D:11     | XOM: smoke on damage
 10992 | D:11     | XOM: silly message
 11494 | D:12     | Reached skill level 13 in Fighting
 11507 | D:12     | XOM: 1-stop teleportation journey
 11610 | D:12     | Noticed Vopsufam's ghost (journeyman GrFi)
 11611 | D:12     | Noticed a two-headed ogre
 11613 | D:12     | Noticed a seven-headed hydra
 11613 | D:12     | Noticed a centaur warrior
 11625 | D:12     | Noticed a two-headed ogre
 11637 | D:12     | Found a transporter.
 11639 | D:12     | Found a transporter.
 11697 | D:12     | Noticed a purple ugly thing
 11698 | D:12     | Noticed a cyclops
 11700 | D:12     | XOM: summons 2 friendly demons
 11702 | D:12     | Killed a purple ugly thing
 11703 | D:12     | Reached XP level 12. HP: 150/163 MP: 12/12
 11726 | D:12     | Noticed Nergalle
 11731 | D:12     | XOM: noise
 11732 | D:12     | Killed Nergalle
 11802 | D:12     | XOM: divination: detect creatures
 11805 | D:12     | Noticed a centaur warrior
 11810 | D:12     | XOM: enchant monster (bad)
 11814 | D:12     | Killed a centaur warrior
 11815 | D:12     | Reached skill level 14 in Fighting
 12027 | D:12     | XOM: silly message
 12028 | D:12     | XOM: potion effect (might)
 12349 | D:13     | XOM: summons 3 friendly demons
 12414 | D:13     | Noticed a boulder beetle
 12427 | D:13     | XOM: cast spell 'Fugue of the Fallen'
 12431 | D:13     | Killed a boulder beetle
 12466 | D:13     | Reached skill level 15 in Fighting
 12635 | D:13     | XOM is BORED!
 12745 | D:13     | Noticed a tengu warrior
 12756 | D:13     | Killed a tengu warrior
 12976 | D:13     | Identified the serpent talisman of Foolhardiness {rF+ rC+}
 13118 | D:13     | Noticed a seven-headed hydra
 13123 | D:13     | Killed a seven-headed hydra
 13143 | D:13     | Found a hazy altar of Hepliaklqana.
 13236 | D:13     | XOM: silly message
 13303 | D:13     | XOM: smoke on damage
 13308 | D:13     | Reached skill level 16 in Fighting
 13354 | D:14     | XOM: cloud trail
 13386 | D:14     | Noticed a death knight
 13386 | D:14     | Noticed Agnes
 13387 | D:14     | XOM: summons 3 hostile shadow creatures
 13388 | D:14     | Noticed a boulder beetle
 13388 | D:14     | XOM: blink monster(s)
 13389 | D:14     | Lost mutation: You are agile. (Dex +4, Str/Int -1) [potion
                  | of mutation]
 13389 | D:14     | Lost mutation: Your flesh is cold resistant. (rC+) [potion
                  | of mutation]
 13389 | D:14     | Gained mutation: You passively map a small area around you.
                  | [potion of mutation]
 13394 | D:14     | Demolished by a white ugly thing

Illustrated notes

Levels and vault maps discovered:
D:1:      nzn_arrival_depleted_hourglass, layout_basic,
          chequers_ecumenical_altar_simple_redux,
          nicolae_concentric_dashed_squares_mild, minmay_strange_pillars,
          minmay_statues_item
D:2:      layout_basic, uniq_sigmund, uniq_natasha
D:3:      layout_basic, serial_shops, shop, minmay_crystal_room,
          kennysheep_boxes
D:4:      layout_basic, uniq_menkaure, uniq_robin, uniq_ijyb, uniq_edmund,
          uniq_grinder
D:5:      layout_basic
D:6:      layout_basic, minmay_temple_entry_antechambers
D:7:      kb_forest_paths, layout_basic, slow_altar_1, enter_bailey_3,
          uniq_crazy_yiuf_cottage, uniq_maggie, uniq_maurice
D:8:      layout_basic, zin_treasury, jmf_multi_god_temple2,
          nicolae_zig_zag_zippers, uniq_jeremiah
D:9:      layout_gridville, abandoned_shop, uniq_psyche, uniq_grum, uniq_erolcha
D:10:     layout_roguey, erik_lair_island, serial_shops, shop
D:11:     layout_gridville, david_orc_3
D:12:     layout_roguey, nzn_ghost_randoct, uniq_nergalle
D:13:     layout_grid_maze, nicolae_hepliaklqana_monster_ancestors
D:14:     layout_loops_ring, lightli_vaults_fourway_checkpoint,
          gammafunk_ghost_fury_of_okawaru, special_room [special_room_orc],
          nicolae_uskayaw_suspiria, uniq_jorgrun, uniq_agnes, uniq_frances

Skill      XL: |  1  2  3  4  5  6  7  8  9 10 11 12 |
---------------+-------------------------------------+-----
Necromancy     | 4 6 7 |  7.0
Fighting       | 6 9 10 11 13 16 | 16.0
Evocations     | 7 8 |  8.0
Throwing       | 5 8 |  8.0
Polearms       | |  3.0
Armour         | |  1.5
Dodging        | |  0.7
Spellcasting   | |  0.5
Summonings     | |  0.6

Action                     |  1- 3 |  4- 6 |  7- 9 | 10-12 || total
---------------------------+-------+-------+-------+-------++-------
  Melee: Spear             |     8 |       |       |       ||     8
         Short sword       |    69 |       |       |       ||    69
         Whip              |    22 |    87 |    20 |       ||   129
         Headbutt          |       |     9 |    20 |    92 ||   121
         Rapier            |       |       |    82 |   300 ||   382
         Punch             |       |       |     3 |     4 ||     7
  Throw: Dart              |       |       |       |     1 ||     1
   Cast: Summon Small Mamm |     5 |     2 |     2 |     1 ||    10
         Necrotise         |     1 |     6 |     7 |    13 ||    27
Ability: Spit Poison       |     2 |       |       |       ||     2
         Breathe Poison Ga |       |     3 |    25 |    35 ||    63
  Evoke: Wand              |       |       |     1 |    15 ||    16
    Use: Potion            |     2 |     1 |     3 |     5 ||    11
         Scroll            |     1 |       |     9 |     8 ||    18
   Stab: Sleeping          |       |       |     3 |     2 ||     5
 Armour: Leather armour    |    76 |    70 |    89 |   445 ||   680
         Skin              |       |     7 |       |    21 ||    28
  Dodge: Dodged            |    61 |    53 |    46 |   176 ||   336
         Repelled          |       |     4 |     2 |       ||     6
  Block: Other             |       |    10 |    21 |    72 ||   103
